 Dungeon Crawl Stone Soup version 0.30-a0-799-g109b55a442 (webtiles) character file.

Game seed: 3835447757866645359

19 Farfigtubin the Sneak (level 2, -3/13 (18) HPs)
             Began as a Kobold Brigand on Feb 20, 2023.
             Slain by a necrophage (5 damage)
             ... on level 5 of the Dungeon.
             The game lasted 00:08:52 (921 turns).

Farfigtubin the Sneak (Kobold Brigand)               Turns: 921, Time: 00:08:53

HP:   -3/13 (18)    AC:  3    Str:  8    XL:     2   Next: 95%
MP:   2/2           EV: 14    Int: 12    God:
Gold: 55            SH:  0    Dex: 16    Spells: 1/1 levels left

rFire   . . .      SeeInvis .    a - +2 dagger
rCold   . . .      Faith    .    (no shield)
rNeg    . . .      Spirit   .    b - +0 robe
rPois   .          Reflect  .    (no helmet)
rElec   .          Harm     .    c - +0 cloak
rCorr   .          Rampage  .    (no gloves)
Will    .....                    (no boots)
Stlth   ++++                     (no amulet)
HPRegen 0.22/turn                (no ring)
MPRegen 0.08/turn                (no ring)

@: very heavily drained
A: small, no large weapons, nightstalker 3
a: no special abilities


You were on level 5 of the Dungeon.
You visited 1 branch of the dungeon, and saw 6 of its levels.

You collected 81 gold pieces.
You spent 26 gold pieces at shops.

Inventory:

Hand Weapons
 a - a +2 dagger (weapon)
Missiles
 d - 9 poisoned darts (quivered)
 e - 3 curare-tipped darts
 h - 2 stones
Armour
 b - a +0 robe (worn)
 c - a +0 cloak (worn)
Scrolls
 f - a scroll of blinking {unknown}
 g - 2 scrolls of identify
 k - a scroll of teleportation {unknown}
Potions
 i - a potion of mutation {unknown}
 j - a potion of curing {unknown}


   Skills:
 + Level 2.5 Fighting
 + Level 3.1 Short Blades
 - Level 2.1 Throwing
 - Level 1.2 Dodging
 * Level 5.9 Stealth


You had one spell level left.
You didn't know any spells.
Your spell library was empty.

Dungeon Overview and Level Annotations

Branches:
Dungeon (6/15)
 Temple: D:4-7

Altars:

Shops:
D:4 ?

Annotations:
D:5 exclusion: downstairs


Innate Abilities, Weirdness & Mutations

You are small and have problems with some larger weapons.
You are completely attuned to the shadows.


Message History

You are too injured to fight recklessly!
You are too injured to fight recklessly!
You are too injured to fight recklessly!
You are too injured to fight recklessly!
You are too injured to fight recklessly!
You are too injured to fight recklessly!
You hit the necrophage.
The necrophage is lightly damaged.
The necrophage completely misses you.
You hit the necrophage.
The necrophage is lightly damaged.
You closely miss the necrophage.
The necrophage is lightly damaged.
The necrophage misses you.
You hit the necrophage.
The necrophage is moderately damaged.
The necrophage closely misses you.
You closely miss the necrophage.
The necrophage is moderately damaged.
The necrophage hits you.
You feel drained.
You barely miss the necrophage.
The necrophage is moderately damaged.
The necrophage barely misses you.
You hit the necrophage. You punch the necrophage.
The necrophage is heavily damaged.
The necrophage hits you.
* * * LOW HITPOINT WARNING * * *
You feel drained.
* * * LOW HITPOINT WARNING * * *
You hit the necrophage but do no damage.
The necrophage is heavily damaged.
The necrophage hits you.
* * * LOW HITPOINT WARNING * * *
You feel drained.
You hit the necrophage.
The necrophage is heavily damaged.
You closely miss the necrophage.
The necrophage is heavily damaged.
The necrophage hits you.
You die...

########....#...
##.....##....'...
#......'.>)..#...
#######.....########..
##....##.....##...#####
#...................)†.
#######..................#..
#....##..................#..
#..........@n............#..
#..........##.....##.....#..
#....##....##.....##.....#..
#....##....##.....##...#####
#.......................#
#....##.................#
####'##.................#
#....##....###+######..##
#....##....##.. ###


You could see a necrophage.

Vanquished Creatures
  2 dart slugs (D:2)
  2 orcs (D:5)
  An endoplasm (D:4)
  A giant cockroach (D:1)
  A hobgoblin (D:3)
  A quokka (D:5)
  2 ball pythons
  A frilled lizard (D:1)
  A kobold (D:4)
  A rat (D:2)
13 creatures vanquished.

Notes
Turn   | Place    | Note
-------+----------+-------------------------------------------
     0 | D:1      | Farfigtubin the Kobold Brigand began the quest for the Orb.
     0 | D:1      | Reached XP level 1. HP: 12/12 MP: 1/1
   294 | D:2      | Reached XP level 2. HP: 18/18 MP: 2/2
   496 | D:4      | Found Rixozua's Magic Scroll Shoppe.
   524 | D:4      | Bought a scroll of identify for 26 gold pieces
   633 | D:5      | Entered Level 5 of the Dungeon
   882 | D:5      | Noticed a necrophage
   921 | D:5      | Slain by a necrophage

Illustrated notes

Levels and vault maps discovered:
D:1:      lightli_arrival_boilingwater, layout_loops_ring, serial_bayou_lagoon_b
D:2:      layout_rooms
D:3:      layout_basic, trog_book, grunt_ministairs_14
D:4:      kennysheep_kobold_camp, layout_basic, mainiacjoe_overflow_alcove_1,
          minmay_temple_entry_tees, serial_shops, shop_scrolls
D:5:      layout_gridville, serial_shops, nicolae_shop_bloodbath_and_beyond
D:6:      layout_basic, nicolae_uskayaw_dance_hall,
          yredelemnul_forgotten_temple_becter, serial_glass, glass_columns_b,
          glass_columns_c, uniq_sigmund

Skill      XL: |  1  2 |
---------------+-------+-----
Short Blades   | 3 |  3.1
Fighting       | |  2.5
Throwing       | |  2.1
Dodging        | |  1.2
Stealth        | |  5.9

Action                     || total
---------------------------++-------
  Melee: Dagger            ||    56
         Punch             ||     3
    Use: Scroll            ||     1
   Stab: Sleeping          ||     5
 Armour: Robe              ||     4
  Dodge: Dodged            ||    29

Table legend: (Time is in decaauts)
 A = Elapsed time spent in this place.
 B = Non-inter-level travel time spent in this place.
 C = Inter-level travel time spent in this place.
 D = Time resting spent in this place.
 E = Time spent auto-exploring this place.
 F = Levels seen in this place.
 G = Mean time per level.
                   A        B        C        D        E       F      G
               +--------+--------+--------+--------+--------+-----+--------+
         Total |    914 |    914 |      0 |     39 |      0 |   6 |  152.3 |
       Dungeon |    914 |    914 |      0 |     39 |      0 |   6 |  152.3 |
               +--------+--------+--------+--------+--------+-----+--------+

Top non-repeatable levels by time:
     D:5: 282 daAuts
     D:1: 264 daAuts
     D:4: 161 daAuts
     D:2: 113 daAuts
     D:3: 91 daAuts
     D:6: 1 daAuts
